Map: Acid Plant LE

Players

CinDra - Winner!

  • Race: Zerg Zerg
  • League: Silver
  • Spawn Location: 11:00

IMJD

  • Race: Terran Terran
  • League: Silver
  • Spawn Location: 5:00

VOD

Have the link to the VOD?

Description

Time

  • Played on: Feb. 23, 2018, 1:25 p.m.
  • Length: 11:28
Show
View Real Time Build Order
Export as new Build Order

CinDra Zerg - Winner!

Build Orders: Hatch First 

Get SALT Encoding   

  12  0:01  Drone  
  13  0:13  Overlord  
  13  0:17  Drone  
  14  0:31  Drone  
  14  0:32  Drone  
  16  0:40  Drone  
  17  0:53  Drone  
  18  1:03  Hatchery  
  17  1:05  Drone  
  18  1:16  Drone  
  18  1:17  Spawning Pool  
  18  1:20  Drone  
  19  1:26  Extractor  
  19  1:28  Drone  
  19  1:39  Drone  
  20  1:54  Overlord  
  20  2:01  Drone  
  21  2:12  Queen, Drone  
  24  2:19  Zergling x2  
  24  2:20  Queen  
  27  2:24  Drone  
  28  2:30  Zergling x2  
  28  2:33  Drone  
  30  2:45  Drone  
  30  2:46  Zergling x2  
  32  2:54  Drone  
  32  2:58  Baneling Nest  
  32  3:01  Drone x2  
  34  3:08  Extractor, Metabolic Boost  
  34  3:09  Drone  
  34  3:11  Drone  
  35  3:21  Drone  
  35  3:22  Overlord  
  36  3:34  Pneumatized Carapace  
  36  3:37  Hatchery  
  36  3:38  Overlord  
  36  3:40  Queen  
  37  3:43  Zergling x4  
  37  3:44  Zergling x2, Drone x2  
  37  3:45  Drone  
  43  3:49  Overlord  
  43  3:58  Drone x2  
  45  4:18  Lair  
  45  4:28  Zergling x6  
  45  4:29  Zergling x6  
  51  4:45  Baneling x5  
  51  4:48  Drone  
  51  4:49  Drone x2  
  54  4:54  Drone  
  54  4:55  Drone x3  
  58  5:07  Drone  
  58  5:08  Drone x5  
  64  5:23  Extractor  
  64  5:24  Extractor  
  64  5:27  Drone  
  63  5:29  Hydralisk Den  
  63  5:31  Zergling x8  
  66  5:36  Overlord x3  
  66  5:55  Centrifical Hooks  
  66  5:58  Drone  
  66  5:59  Hydralisk x4, Drone  
  66  6:00  Hydralisk  
  66  6:01  Overlord x3  
  78  6:16  Overseer  
  75  6:43  Drone x5  
  80  6:50  Drone x11  
  80  6:51  Drone x2  
  93  7:00  Evolution Chamber  
  92  7:01  Muscular Augments  
  92  7:04  Evolution Chamber, Hydralisk x3  
  97  7:09  Hydralisk  
  97  7:14  Extractor  
  98  7:16  Extractor  
  98  7:22  Overseer x2  
  97  7:37  Hydralisk x7  
  97  7:38  Overlord  
  97  7:39  Overlord x2  
  111  7:51  Drone x3  
  113  7:56  Zerg Missile Weapons Level 1  
  113  7:58  Zerg Ground Armor Level 1  
  114  8:02  Drone  
  114  8:05  Overlord  
  115  8:07  Hydralisk x3  
  121  8:13  Grooved Spines  
  121  8:20  Zergling x2  
  121  8:21  Zergling x20, Spire  
  131  8:46  Hatchery  
  105  9:26  Hydralisk  
  105  9:27  Overlord, Hydralisk x10  
  105  9:28  Overlord x6  
  127  10:07  Mutalisk  
  127  10:08  Mutalisk x11  
  127  10:10  Overlord x2  
  124  10:37  Hydralisk  
  124  10:38  Hydralisk x9  
  124  10:41  Queen  
  146  10:49  Drone x3  
  149  10:51  Drone x2  
  151  11:02  Extractor  
  150  11:11  Extractor  
  147  11:15  Drone x8  
  147  11:16  Drone  
Show
View Real Time Build Order
Export as new Build Order

IMJD Terran 

Build Orders: Mech 

Get SALT Encoding   

  12  0:02  SCV  
  13  0:17  Supply Depot  
  13  0:18  SCV  
  14  0:30  SCV  
  15  0:43  SCV, Barracks  
  15  0:47  Refinery  
  16  0:55  SCV  
  17  1:01  Refinery  
  17  1:08  SCV  
  18  1:15  Supply Depot  
  18  1:22  SCV  
  19  1:34  SCV  
  20  1:41  Barracks  
  20  1:49  Marine  
  20  1:50  Factory  
  20  1:52  SCV  
  22  2:04  SCV  
  22  2:07  Marine  
  24  2:16  Factory  
  24  2:28  Supply Depot  
  24  2:35  Factory Tech Lab  
  24  2:44  Factory  
  24  2:47  Marine  
  24  2:48  Marine  
  26  3:00  SCV  
  26  3:04  Factory Tech Lab  
  27  3:07  Siege Tank  
  30  3:16  Orbital Command  
  30  3:21  Marine  
  30  3:23  Marine  
  32  3:46  Siege Tank  
  35  3:51  Barracks Reactor  
  35  3:52  Marine  
  35  3:55  Factory Tech Lab  
  36  3:57  SCV  
  37  4:13  Command Center  
  37  4:16  Engineering Bay  
  37  4:30  Marine x2  
  39  4:37  Barracks Reactor  
  39  4:44  Supply Depot  
  39  4:48  Supply Depot  
  39  5:05  SCV  
  40  5:07  Supply Depot  
  40  5:17  SCV  
  41  5:27  SCV  
  42  5:29  SCV  
  42  5:31  Refinery, Marine x4  
  42  5:34  Siege Tank  
  50  5:37  Siege Tank  
  50  5:39  SCV  
  50  5:41  SCV  
  55  5:45  Starport  
  55  5:51  Terran Infantry Weapons Level 1  
  55  5:52  Starport  
  55  6:05  SCV  
  56  6:33  Missile Turret  
  56  6:58  Medivac x2  
  60  7:05  Orbital Command  
  60  7:08  Refinery  
  60  7:09  Marine x4  
  64  7:15  Missile Turret  
  64  7:27  Supply Depot  
  64  7:38  Missile Turret  
  64  7:49  Supply Depot  
  64  7:53  SCV  
  65  7:58  Starport Reactor x2  
  65  8:01  Marine x4  
  65  8:03  Missile Turret, Command Center  
  65  8:05  SCV  
  70  8:10  Barracks  
  70  8:13  Supply Depot  
  70  8:17  SCV  
  71  8:24  Missile Turret  
  71  8:45  Missile Turret  
  68  9:03  Barracks  
  34  9:18  Siege Tank x3  
  34  9:21  Marine x5  
  48  9:39  Marine x5  
  38  9:56  Marine  
  38  9:57  Marine x3  
  41  10:15  Medivac  
  41  10:16  Medivac x3  
  28  10:40  Siege Tank x3  
  34  10:44  Marine x4  
  38  11:01  Marine  
  38  11:02  Marine x3  
  29  11:11  SCV  
Tags
 
Composition
Mech
Matchup
TvZ
Spawn Locations
Cross Positions
Add a new tag
Caveats
  • Supply blocks, unpowered buildings, or Contaminate may cause inaccurate times.
  • Supply counts are checked every 10 seconds.